 Dungeon Crawl Stone Soup version 0.27-a0-972-gd1521fd518 (webtiles) character file.

Game seed: 12915271266949537413

1941 polve the Agent of Entropy (level 8, 0/61 HPs)
             Began as a Demonspawn Abyssal Knight on Apr 13, 2021.
             Was a Priest of Lugonu.
             Slain by Harold
             ... wielding a +2 trident of protection
              (10 damage)
             ... on level 6 of the Dungeon.
             The game lasted 00:07:48 (5642 turns).

polve the Agent of Entropy (DsAK)                   Turns: 5642, Time: 00:07:49

Health: 0/61       AC:  7    Str: 21    XL:     8   Next: 98%
Magic:  14/14      EV: 10    Int: 14    God:    Lugonu [***...]
Gold:   353        SH:  0    Dex: 14    Spells: 7/7 levels left

rFire    . . .     SeeInvis .   k - +4 dagger (speed)
rCold    . . .     Faith    .   (no shield)
rNeg     . . .     Spirit   .   F - +0 scale mail
rPois    .         Reflect  .   (helmet restricted)
rElec    .         Harm     .   (no cloak)
rCorr    .         Rampage  .   (no gloves)
Will     .....                  (no boots)
Stlth    +++.......             g - amulet of regeneration
HPRegen  1.20/turn              q - +6 ring of strength
MPRegen  0.14/turn              (no ring)

@: marked
A: horns 1, thin skeletal structure 1, demonic guardian 2, spiny 1
a: Renounce Religion, Depart the Abyss, Bend Space, Banish


You were on level 6 of the Dungeon.
You worshipped Lugonu.
Lugonu was most pleased with you.
You visited 1 branch of the dungeon, and saw 7 of its levels.
You visited the Abyss 1 time.

You collected 353 gold pieces.

Inventory:

Hand Weapons
 a - a +1 short sword
 e - a +1 dagger of draining
 k - a +4 dagger of speed (weapon)
Armour
 F - a +0 scale mail (worn)
Jewellery
 g - an amulet of regeneration (around neck)
 j - an amulet of faith
 q - a +6 ring of strength (left hand)
 E - a ring of wizardry
Wands
 t - a wand of digging (7)
 w - a wand of mindburst (10)
 C - a wand of acid (8)
Scrolls
 d - 2 scrolls of enchant weapon {unknown}
 i - 2 scrolls of enchant armour
 l - a scroll of summoning
 m - a scroll of silence
 p - a scroll of fear {unknown}
 r - a scroll of holy word {unknown}
 x - 2 scrolls of magic mapping {unknown}
 y - 3 scrolls of identify
 A - 3 scrolls of vulnerability {unknown}
 B - a scroll of amnesia {unknown}
 D - a scroll of brand weapon {unknown}
Potions
 c - a potion of heal wounds {unknown}
 f - a potion of brilliance
 h - a potion of mutation {unknown}
 n - a potion of flight
 o - a potion of attraction {unknown}
 s - 2 potions of might
 u - a potion of invisibility {unknown}
 v - a potion of curing {unknown}
 z - 2 potions of lignification {unknown}


   Skills:
 + Level 4.9 Fighting
 * Level 5.5 Short Blades
 - Level 4.0 Armour
 - Level 0.8 Dodging
 - Level 6.0 Stealth
 - Level 8.0 Invocations


You had 7 spell levels left.
You didn't know any spells.
Your spell library contained the following spells:

 Spells                   Type           Power      Damage    Failure   Level
 Beastly Appendage        Tmut           0%         N/A       58%         1
 Corona                   Hex            0%         N/A       58%         1
 Slow                     Hex            0%         N/A       75%         2
 Wereblood                Tmut           0%         N/A       75%         2
 Inner Flame              Hex/Fire       0%         N/A       92%         3
 Portal Projectile        Hex/Tloc       0%         N/A       92%         3
 Spider Form              Tmut/Pois      0%         N/A       92%         3
 Cause Fear               Hex            0%         N/A       100%        4
 Ice Form                 Ice/Tmut       0%         N/A       100%        4
 Leda's Liquefaction      Hex/Erth       0%         N/A       100%        4
 Hydra Form               Tmut           0%         N/A       100%        5


Dungeon Overview and Level Annotations

Branches:
Dungeon (7/15)
 Temple: D:4-7

Altars:
Sif Muna

Shops:
D:3 !   D:4 (

Annotations:
D:6 1 runed translucent door, Harold


Innate Abilities, Weirdness & Mutations

You have a pair of small horns on your head.
You have a somewhat thin skeletal structure. (Dex +2, Stealth)
A demonic guardian rushes to your aid.
You are partially covered in sharp spines.


Message History

Your rust devil hits Harold.
Harold seems to be corroded for longer.
The sentinel's mark upon you fades away.
Harold casts a spell at you. A sentinel's mark forms upon you.
Harold says, "Bounty hunting has been great, but I can't wait to retire."
There is a stone staircase leading up here.
You climb upwards.
There is a stone staircase leading down here.
HP restored.
Done exploring.
You climb downwards.
Level annotation: 1 runed translucent door, Harold Harold fires a harpoon shot at you.
The harpoon shot hits you!
You are yanked forward by the harpoon shot.
You hit Harold but do no damage.
Harold is lightly wounded.
You hit Harold but do no damage. You headbutt Harold, but do no damage.
Harold is lightly wounded.
Harold says, "Bounty hunting has been great, but I can't wait to retire."
Harold is struck by your spines.
Harold hits you with a +2 trident of protection!
You barely miss Harold.
Harold is lightly wounded.
You hit Harold but do no damage. You headbutt Harold, but do no damage.
Harold is lightly wounded.
Harold hits you with a +2 trident of protection.
You barely miss Harold.
Harold is lightly wounded.
You puncture Harold! Your headbutt misses Harold.
Harold is moderately wounded.
Harold hits you with a +2 trident of protection!
Okay, then.
Harold fires a harpoon shot at you. The harpoon shot hits you!
* * * LOW HITPOINT WARNING * * *
A demonic guardian appears!
You are yanked forward by the harpoon shot.
Harold hits you from afar with a +2 trident of protection!
You die... #.P.PPPPP.PPPPP#...## ## #...P............### ##. ##P.P.PPP.P.PPP...# #.. #P.P...P.P...P.#.# #.# #PPPPPPPPP.PPP##.####

###.#
####..#.##.........<###...#
#..#.##........#.....###
#..#.##.4...............
##..#.##@.......#..######
##...#.##........##.##
####..#.#...@##..#####..####
##...(##.#..#..#...##.......#
#....(.#.#..##...#.#..#####.#
######.....####......## #.#
###.....##...#.## #.#
#...>4......#############
####.##..####..#≈≈≈≈≈≈≈≈≈#.#


You could see Harold (ally target) and a friendly hellwing (summoned).

Vanquished Creatures
  The ghost of Fess the Grappler, a novice TrEE (D:6)
  Sigmund (D:3)
  A water moccasin (D:6)
  A hornet zombie (D:6)
  2 centaurs
  A phantom (D:3)
  2 bullfrogs (D:6)
  A scorpion (D:5)
  A water moccasin skeleton (D:5)
  A centaur skeleton (D:6)
  A hound (D:5)
  A bullfrog zombie (D:6)
  Jessica (D:3)
  Terence (D:3)
  2 iguanas
  3 gnolls
  5 adders
  A river rat (D:6)
  2 white imps (D:6)
  A worm (D:2)
  2 dart slugs (D:4)
  18 orcs
  7 endoplasms
  4 giant cockroaches
  15 goblins
  7 hobgoblins
  13 jackals
  2 quokkas
  10 ball pythons
  3 bats
  2 frilled lizards (D:1)
  7 kobolds
  5 rats
125 creatures vanquished.

Vanquished Creatures (collateral kills)
  A water moccasin (D:5)
  A black bear (D:6)
  A water moccasin zombie (D:5)
  An orc wizard (D:4)
  Robin (D:2)
  3 gnolls
  A hobgoblin (D:2)
  A jackal (D:3)
  A frilled lizard (D:3)
11 creatures vanquished.

Grand Total: 136 creatures vanquished

Notes
Turn   | Place    | Note
-------+----------+-------------------------------------------
     0 | Abyss:1  | polve the Demonspawn Abyssal Knight began the quest for the
                  | Orb.
     0 | Abyss:1  | Reached XP level 1. HP: 18/18 MP: 2/2
    51 | Abyss:1  | Noticed a ynoxinul
    91 | Abyss:1  | Noticed an ancient zyme
    93 | D:1      | Escaped the Abyss
   616 | D:1      | Gained mutation: A weak demonic guardian rushes to your
                  | aid. [demonic ancestry]
   616 | D:1      | Reached XP level 2. HP: 9/24 MP: 3/3
   816 | D:1      | Reached * piety under Lugonu
  1210 | D:1      | Found a faded altar of an unknown god.
  1659 | D:2      | Gained mutation: A demonic guardian rushes to your aid.
                  | [demonic ancestry]
  1659 | D:2      | Reached XP level 3. HP: 18/29 MP: 4/4
  1905 | D:2      | Found a shimmering blue altar of Sif Muna.
  2001 | D:2      | Noticed Robin
  2017 | D:2      | Gained mutation: You are partially covered in sharp spines.
                  | [demonic ancestry]
  2017 | D:2      | Reached XP level 4. HP: 35/35 MP: 5/5
  2017 | D:2      | Reached ** piety under Lugonu
  2038 | D:2      | Reached skill level 1 in Stealth
  2046 | D:2      | Killed Robin
  2409 | D:3      | Noticed Terence
  2421 | D:3      | Killed Terence
  2422 | D:3      | Reached XP level 5. HP: 31/41 MP: 6/6
  2434 | D:3      | Noticed Sigmund
  2465 | D:3      | Killed Sigmund
  2466 | D:3      | Gained mutation: You have a pair of small horns on your
                  | head. [demonic ancestry]
  2466 | D:3      | Reached XP level 6. HP: 24/47 MP: 7/7
  2538 | D:3      | Noticed Jessica
  2545 | D:3      | Killed Jessica
  2638 | D:3      | Found Suma's Distillery.
  2904 | D:4      | Reached *** piety under Lugonu
  3465 | D:4      | Gained mutation: You have a somewhat thin skeletal
                  | structure. (Dex +2, Stealth) [demonic ancestry]
  3465 | D:4      | Reached XP level 7. HP: 42/54 MP: 8/8
  3527 | D:4      | Found Gucergh's Weapon Boutique.
  4123 | D:5      | Entered Level 5 of the Dungeon
  4193 | D:5      | Reached skill level 3 in Invocations
  4227 | D:5      | Reached skill level 4 in Invocations
  4463 | D:5      | Reached skill level 5 in Invocations
  4608 | D:5      | Reached skill level 6 in Invocations
  4731 | D:6      | Found a runed translucent door.
  4827 | D:6      | Found a runed translucent door.
  4833 | D:6      | Noticed Fess's ghost (novice TrEE)
  5053 | D:6      | Reached skill level 7 in Invocations
  5053 | D:6      | Reached XP level 8. HP: 55/60 MP: 13/13
  5128 | D:6      | Reached skill level 8 in Invocations
  5142 | D:6      | Reached skill level 5 in Stealth
  5365 | D:6      | Killed Fess's ghost
  5366 | D:6      | Reached skill level 5 in Short Blades
  5533 | D:7      | Noticed Harold
  5642 | D:6      | Slain by Harold

Illustrated notes

Levels and vault maps discovered:
D:1:      arrival_zaba_pyramid, layout_basic, hellmonk_ecumenical_altar_blasted
D:2:      layout_rooms, basic_altar, minivault_27, uniq_robin,
          uniq_crazy_yiuf_cottage
D:3:      layout_basic, serial_shops, shop, uniq_sigmund, uniq_jessica,
          uniq_terence
D:4:      layout_layer_cave, serial_shops, shop, gup_sewer_entry_bowl,
          saegor_snake_ambush
D:5:      layout_basic
D:6:      layout_rooms, ebering_ghost_sewer_f, minmay_hedge_maze,
          hangedman_minor_gate_pass
D:7:      layout_rooms, minmay_temple_entry_waves, kennysheep_cross_bottleneck,
          minmay_misc_feat_diagonals, minivault_11, uniq_harold

Skill      XL: |  1  2  3  4  5  6  7  8 |
---------------+-------------------------+-----
Short Blades   | 2 3 4 5 |  5.5
Stealth        | 2 4 6 |  6.0
Armour         | 2 3 4 |  4.0
Fighting       | 4 |  4.9
Invocations    | 7 8 |  8.0
Dodging        | |  0.8

Action                   |  1- 3 |  4- 6 |  7- 9 || total
-------------------------+-------+-------+-------++-------
Melee: Short sword       |    52 |       |       ||    52
       Dagger            |    79 |   154 |   124 ||   357
       Headbutt          |       |    12 |    32 ||    44
Invok: Depart the Abyss  |     1 |       |       ||     1
  Use: Scroll            |       |     3 |       ||     3
       Potion            |       |     2 |     3 ||     5
 Stab: Sleeping          |     1 |     2 |     6 ||     9
       Distracted        |     1 |       |       ||     1
Armor: Leather armour    |    31 |    18 |     6 ||    55
       Scale mail        |       |       |     2 ||     2
Dodge: Dodged            |    60 |    47 |    38 ||   145

Table legend: (Time is in decaauts)
 A = Elapsed time spent in this place.
 B = Non-inter-level travel time spent in this place.
 C = Inter-level travel time spent in this place.
 D = Time resting spent in this place.
 E = Time spent auto-exploring this place.
 F = Levels seen in this place.
 G = Mean time per level.
                   A        B        C        D        E       F      G
               +--------+--------+--------+--------+--------+-----+--------+
         Total |   5534 |   5321 |    213 |      0 |   4521 |   8 |  691.8 |
       Dungeon |   5441 |   5228 |    213 |      0 |   4470 |   7 |  777.3 |
         Abyss |     93 |     93 |      0 |      0 |     51 |   1 |   93.0 |
               +--------+--------+--------+--------+--------+-----+--------+

Top non-repeatable levels by time:
     D:1: 1500 daAuts
     D:4: 1267 daAuts
     D:6: 849 daAuts
     D:2: 698 daAuts
     D:5: 597 daAuts
     D:3: 508 daAuts
 Abyss:1: 93 daAuts
     D:7: 20 daAuts
